 Dungeon Crawl Stone Soup version 0.17-a0-1793-gcbb3aa1 (webtiles) character file.

28 abixa the Ruffian (level 3, -2/31 HPs)
             Began as a Ghoul Monk on Sept 9, 2015.
             Shot with an arrow by a centaur (7 damage)
             ... on level 1 of the Dungeon.
             The game lasted 00:01:52 (773 turns).

abixa the Ruffian (Ghoul Monk)                       Turns: 773, Time: 00:01:52

Health: -2/31      AC:  5    Str: 14    XL:     3   Next: 12%
Magic:  2/2        EV: 11    Int:  5    God:
Gold:   48         SH:  0    Dex: 12    Spells: 0 memorised, 2 levels left

rFire  . . .     SeeInvis .       - Unarmed
rCold  + . .     Clarity  .     d - +0 ring mail
rNeg   + + +     SustAt   .     (no shield)
rPois  ∞         Gourm    .     (no helmet)
rElec  .         Spirit   .     (no cloak)
rCorr  .         Warding  .     (no gloves)
rMut   .         Stasis   .     (no boots)
MR     .....                    (no amulet)
Stlth  +.........               (no ring)
                                (no ring)

@: rotting, not resistant to hostile enchantments, very unstealthy
A: rotting body, claws 1, carnivore 3, cold resistance 1, negative energy
resistance 3, slow healing 1, torment resistance, unbreathing
a: no special abilities


You were on level 1 of the Dungeon.
You were not hungry.

You visited 1 branch of the dungeon, and saw 1 of its levels.

You collected 48 gold pieces.

Inventory:

Missiles
 a - 19 arrows
 c - 41 stones
 j - 4 javelins (quivered)
 l - 15 bolts
Armour
 d - a +0 ring mail (worn)
Jewellery
 f - an uncursed amulet of resist corrosion {unknown}
Scrolls
 e - 2 scrolls of enchant armour {unknown}
 k - a scroll of teleportation {unknown}
 m - a scroll of recharging {unknown}
 n - a scroll of identify {unknown}
Potions
 h - a potion of curing {unknown}
Comestibles
 b - a meat ration
 g - 2 chunks of flesh
 i - a beef jerky


   Skills:
 - Level 3.2 Fighting
 - Level 2.6 Dodging
 - Level 2.1 Stealth
 + Level 5.4 Unarmed Combat


You had 2 spell levels left.
You didn't know any spells.

Dungeon Overview and Level Annotations

Branches:
Dungeon (1/15)

Altars:


Innate Abilities, Weirdness & Mutations

Your body is rotting away.
You thrive on raw meat.
You are immune to poison.
You have sharp fingernails.
You are carnivorous and can eat meat at any time.
Your flesh is cold resistant.
You are immune to negative energy.
You heal slowly when monsters are visible.
You are immune to unholy pain and torment.
You can survive without breathing.


Message History

Aim: a kobold, wielding a whip of distortion You throw a javelin.
The javelin hits the kobold.
The kobold is heavily wounded.
Throwing (i - inventory. (,) - cycle):
j - 5 javelins (quivered)
Press: ? - help, Shift-Dir - straight line, f/p - kobold
Aim: a kobold, wielding a whip of distortion (heavily wounded)
You throw a javelin. The javelin hits the kobold!
You kill the kobold!
A centaur comes into view.
The centaur shouts!
The centaur wields a shortbow.
The centaur shoots an arrow.
The arrow hits you.
You see here an arrow.
The centaur shoots an arrow.
The arrow hits you!
The centaur shoots an arrow.
The arrow hits you.
You see here an arrow.
The centaur shoots an arrow.
The arrow hits you!
* * * LOW HITPOINT WARNING * * *
You see here an arrow.
The centaur shoots an arrow.
The arrow hits you!
You die...

#.....................)#
#.#.####.####.#.###.##.#
#.#.# #.# #.### #....# #.#.#
#.# #.#####..#.# #.#.# #)#
#..........# #.#.# #.#
#######....' #.#.####.#
#..#.# #.#....#(##### #....#
#.(.((@(c....# #..#.#
#............####.######..#.#
#.######.....# #.........#.#
#.....# ####.#.#.##.. #
#####.....######.......##. #.
#.............###.#.#.###.
#.##.###.....###.##.......###
#....# #.....# #.###.#.#>## #
###.## ####.## #.##...)...#


You could see a centaur.

Vanquished Creatures
  7 bats (D:1)
  4 giant cockroaches (D:1)
  A hobgoblin (D:1)
  6 kobolds (D:1)
  6 giant newts (D:1)
  2 goblins (D:1)
  3 rats (D:1)
29 creatures vanquished.

Notes
Turn   | Place    | Note
--------------------------------------------------------------
     0 | D:1      | abixa the Ghoul Monk began the quest for the Orb.
     0 | D:1      | Reached XP level 1. HP: 19/19 MP: 0/0
   182 | D:1      | Reached XP level 2. HP: 20/26 MP: 1/1
   275 | D:1      | Reached skill level 5 in Unarmed Combat
   499 | D:1      | Reached XP level 3. HP: 29/31 MP: 2/2
   769 | D:1      | Noticed a centaur
   773 | D:1      | Shot with an arrow by a centaur

Vault maps used:
D:1:      arrival_zaba_pyramid, st_stairs_8, serial_bayou_lagoon_a,
          hangedman_abyss_or_decor_stabs

Action                   || total
-------------------------++-------
Melee: Unarmed           ||    87
Throw: Javelin           ||     3
 Stab: Sleeping          ||     1
  Eat: Chunk             ||     9
